[Event "45th FIDE Womens Olympiad 2024"]
[Site "Budapest"]
[Date "2024.09.15"]
[Round "5.55"]
[White "Mandura, Tijana"]
[Black "Korenova, Martina"]
[Result "1/2-1/2"]
[ECO "B08"]
[WhiteElo "2207"]
[BlackElo "2104"]
[Annotator "TA"]
[PlyCount "85"]
[EventDate "2024.09.05"]
[EventType "team-tourn"]
[EventCountry "HUN"]
[SourceTitle "playchess.com"]
[Source "ChessBase"]
[SourceQuality "1"]
[WhiteTeam "Serbia"]
[BlackTeam "Czech Republic"]
[WhiteTeamCountry "SRB"]
[BlackTeamCountry "CZE"]
[TimeControl "40/5400+30:1800+30"]

1. e4 d6 2. d4 Nf6 3. Nc3 g6 4. Nf3 Bg7 5. Be2 O-O 6. O-O c6 7. a4 Nbd7 8. a5 Qc7 9. h3 e5 10. dxe5 dxe5 11. Be3 Rd8 12. Qb1 Nf8 13. Bc4 (13. Qa2 $14) 13... Be6 $11 14. Qa2 (14. Bd3 $11 {keeps the balance.}) 14... b5 $17 15. Bxe6 {Black is better.} Nxe6 16. b4 Nd4 17. Rfd1 Nh5 {And now ...Nxf3+ would win.} 18. Ne1 Nf4 19. Kh2 Qe7 20. Qb2 Rd7 21. g3 {Against Qh4} (21. Rd2 $15) 21... Nfe6 22. Na2 Rad8 $1 23. c3 {[#]} Nf3+ 24. Nxf3 {Threatens to win with Rxd7.} Rxd1 25. Rxd1 Rxd1 26. Bd2 (26. Nd2 $17 {keeps fighting.}) 26... Qd7 27. Nc1 {Dodges Qd3} c5 28. Qc2 {[#]} cxb4 $1 29. cxb4 {[#]} Rxd2 30. Qxd2 Qxd2 31. Nxd2 {[%mdl 4096] Endgame. KBN-KNN} Bf8 32. Nd3 {[%cal Oh2g2] [#]} Nd4 $1 33. Nb1 Nc6 ({Black should play} 33... a6 $17 34. Nc3 f5) 34. Nc3 Nxb4 35. Nxb4 Bxb4 36. Nxb5 Bxa5 (36... Bc5 $1 $15) 37. Nxa7 {KB-KN. The position is equal.} Bb6 38. Nc6 Bxf2 39. Nxe5 Kg7 40. Kg2 Bd4 41. Nd3 Kf6 42. Kf3 Ke6 43. Kf4 {And White is the lucky defender.   Weighted Error Value: White=0.17 (very precise) /Black=0.12 (very precise) .  Mistake:       	White=3     	Black=2      Inaccurate:     	---       	Black=2      OK:         	White=11    	Black=10     Best:        	White=3     	Black=2      Strong:       	---       	Black=1      Brilliant:      	---       	Black=1} 1/2-1/2

[Event "45th FIDE Womens Olympiad 2024"]
[Site "Budapest"]
[Date "2024.09.15"]
[Round "5.56"]
[White "Novosadova, Kristyna"]
[Black "Eric, Jovana"]
[Result "0-1"]
[ECO "B87"]
[WhiteElo "2066"]
[BlackElo "2162"]
[Annotator "TA"]
[PlyCount "94"]
[EventDate "2024.09.05"]
[EventType "team-tourn"]
[EventCountry "HUN"]
[SourceTitle "playchess.com"]
[Source "ChessBase"]
[SourceQuality "1"]
[WhiteTeam "Czech Republic"]
[BlackTeam "Serbia"]
[WhiteTeamCountry "CZE"]
[BlackTeamCountry "SRB"]
[TimeControl "40/5400+30:1800+30"]

1. e4 c5 2. Nf3 d6 3. d4 cxd4 4. Nxd4 Nf6 5. Nc3 a6 6. Bc4 e6 7. Bb3 b5 8. Bg5 Be7 9. Qf3 Qb6 10. O-O-O O-O 11. Qg3 b4 12. Na4 Qc7 13. Rhe1 {White is slightly better.} Bd7 14. e5 dxe5 15. Nf3 (15. Rxe5 $5 Kh8 16. Bxf6 Bxf6 17. Rc5 Qxg3 18. hxg3 $14) 15... Nc6 16. Bh6 Ne8 17. Rxd7 Qxd7 18. Nb6 $1 (18. Nxe5 Nxe5 19. Rxe5 Bd6 $19) 18... Qb7 19. Nxa8 Qxa8 20. Ba4 (20. Nxe5 Nxe5 21. Rxe5 Bd6 $19) 20... Kh8 21. Bxc6 Qxc6 22. Nxe5 Qa4 23. Be3 (23. Bg5 $1 $11 {remains equal.} Bxg5+ 24. Qxg5) 23... f6 (23... Qxa2 $17 {aiming for ...b3.} 24. Bb6 Qa1+ 25. Kd2 Qxb2) 24. Qh4 $2 {[#] Black converts the advantage convincingly.} (24. Nd3 $1 $11) 24... g5 $1 $36 {[%mdl 2048] Black is in control.} (24... fxe5 $2 25. Qxe7 Rg8 26. Qxe6 $18) (24... Kg8 25. Nc4 Qxa2 26. Rd1 Qa1+ 27. Kd2 $11) 25. Qh6 fxe5 26. Qxe6 Bf6 27. Bc5 Rg8 28. Re4 Qb5 29. Bxb4 (29. Qc4 $17) 29... Qf1+ 30. Re1 Qxf2 31. Qxa6 Qxg2 32. a4 $2 (32. Qe2 Qxe2 33. Rxe2) 32... Bg7 (32... Qxh2 $142 33. a5 g4) 33. Qb6 $2 (33. Qe2 Qc6 34. Qb5) 33... Nf6 34. a5 Qxh2 35. Qc6 {Inhibits Nd5.} Qf4+ 36. Bd2 Qf5 {And now ...Rc8 would win.} 37. a6 Rc8 38. Qa4 Nd7 $2 ({Better is} 38... Qf2 $19 {Threatens to win with ...g4.} 39. Qb4 g4) 39. b4 $2 (39. Be3 $15) 39... Nb6 40. Qa2 e4 41. a7 Bd4 42. Qa5 Qe6 {[%cal Oc8c2] ( -> ...Rxc2+!)} 43. Be3 {[#]} Bb2+ $1 44. Kb1 {[#]} Qc4 $1 45. Kxb2 (45. Rc1 Qc3) 45... Qxc2+ {Black mates.} 46. Ka1 Qc3+ 47. Ka2 {[#]} Nc4 $1 {Weighted Error Value: White=0.92/Black=0.41.  Loses game:     	White=2     	---        Missed win:     	---       	Black=1      Mistake:       	White=4     	Black=2      Inaccurate:     	White=2     	Black=2      OK:         	White=10    	Black=13     Best:        	White=3     	Black=1      Strong:       	White=1     	Black=1} ({Inferior is} 47... Qxe1 48. Qe5+ (48. Qxb6 {leads to mate.} Rc2+ 49. Kb3 Qb1+ 50. Ka4 Qa2+ 51. Kb5 Qc4+ 52. Ka5 Ra2#) 48... Kg8 49. Qxg5+ (49. Bxb6 $2 {loses.} Qd2+ 50. Qb2 e3 $19) 49... Kf7 50. Qf5+ (50. Bxb6 Rc2+ 51. Kb3 Qb1+ 52. Ka4 Qa2+ 53. Kb5 Qc4+ 54. Ka5 Ra2#) 50... Kg7 51. Bd4+ (51. Bxb6 Rc2+ 52. Kb3 Qb1+ 53. Ka4 Qa2+ 54. Kb5 Qc4+ 55. Ka5 Ra2#) 51... Kh6 52. Qh3+ (52. Bxb6 Rc2+ 53. Kb3 Qb1+ 54. Ka4 Qa2+ 55. Kb5 Qc4+ 56. Ka5 Ra2#) 52... Kg6 53. Qg4+ (53. Bxb6 $2 Qd2+ 54. Kb3 Qc2+ 55. Ka3 Rc3+ $19) 53... Kf7 54. Qf5+ (54. Bxb6 Rc2+ 55. Kb3 Qb1+ 56. Ka4 Qa2+ 57. Kb5 Qc4+ 58. Ka5 Ra2#) 54... Ke8 55. Qe6+ (55. Bxb6 Rc2+ 56. Kb3 Qb1+ 57. Ka4 Qa2+ 58. Kb5 Qc4+ 59. Ka5 Ra2#) 55... Kf8 56. Qxb6 (56. Bxb6 $2 Rc2+ 57. Kb3 Rc3+ 58. Ka4 Qa1+ 59. Kb5 Qf1+ 60. Ka4 Qa6+ 61. Ba5 Qxe6 $19) 56... Qd2+ 57. Ka3 Qd3+ 58. Ka2 (58. Ka4 Qc2+ 59. Ka3 Qd3+ 60. Ka4 Qc2+ 61. Ka3 Qd3+ $11) 58... Qc2+ 59. Ka3 Qd3+ 60. Ka4 Qc2+ 61. Ka3 (61. Ka5 Qa2+ 62. Kb5 Qc4+ 63. Ka5 Qa2+ 64. Kb5 Qe2+ 65. Ka5 Qa2+ $11) 61... Qd3+ $11) 0-1

[Event "45th FIDE Womens Olympiad 2024"]
[Site "Budapest"]
[Date "2024.09.15"]
[Round "5.57"]
[White "Zherebtsova, Alexandra"]
[Black "Pham, Le Thao Nguyen"]
[Result "1-0"]
[ECO "B12"]
[WhiteElo "2239"]
[BlackElo "2380"]
[Annotator "TA"]
[PlyCount "103"]
[EventDate "2024.09.05"]
[EventType "team-tourn"]
[EventCountry "HUN"]
[SourceTitle "playchess.com"]
[Source "ChessBase"]
[SourceQuality "1"]
[WhiteTeam "Montenegro"]
[BlackTeam "Vietnam"]
[WhiteTeamCountry "MNE"]
[BlackTeamCountry "VIE"]
[TimeControl "40/5400+30:1800+30"]

1. e4 c6 2. d4 d5 3. e5 Bf5 4. h4 h5 5. Bd3 Bxd3 6. Qxd3 {B12: Caro-Kann: Advance Variation.} Qa5+ 7. Nd2 e6 8. Ne2 Qa6 9. c4 Ne7 10. b3 {10.b3 was played by the boomers.} Nd7 11. O-O Nf5 12. Nf3 Nb6 13. Ng3 dxc4 14. Qe2 c3 15. Qc2 g6 16. Bg5 $146 (16. Nxf5 $11 gxf5 17. Qxc3) ({Predecessor:} 16. Nxf5 gxf5 17. Qxc3 Nd5 18. Qb2 Qd3 19. Bg5 Bb4 20. Rfd1 Qa6 21. Qc2 Rg8 22. a3 {½-½ Santos Ruiz,M (2440)-Bravo Barranco,N (2251) ESP-ch 81st Linares 2016 (2)}) 16... Nd5 (16... Nxg3 $1 $17 17. fxg3 Nd5) 17. Ne4 $15 Qa3 18. Bf6 Rg8 (18... Qb2 {is more complex.} 19. Qxb2 cxb2 20. Rab1 Nxf6 21. Nxf6+ Kd8) 19. Nxc3 Nxc3 20. Qxc3 Be7 21. Rfd1 ({White should play} 21. Bxe7 $11 Kxe7 (21... Qxe7 22. g3 $17) 22. Rac1) 21... O-O-O 22. Qc4 (22. Bxe7 $11 {remains equal.} Qxe7 23. g3) 22... Rd5 (22... Bxf6 $1 $17 23. exf6 Rd5) 23. Ng5 (23. Bxe7 $11 Qxe7 24. g3) 23... Rf8 (23... Bxf6 $1 $17 24. exf6 Nxh4 25. Nxf7 Qf8) 24. g3 ({White should try} 24. Bxe7 $1 $15 Qxe7 25. Rd3) 24... Qb4 $2 (24... Bxf6 $1 $17 25. exf6 Qd6) 25. a3 (25. Nh7 $1 $16) 25... Qb6 $11 26. Bxe7 Nxe7 27. Rd3 Nf5 28. Rad1 Rd7 29. d5 exd5 30. Rxd5 Rxd5 31. Rxd5 Nxg3 $2 (31... Qc7 $1 $14 32. Rd1 Qxe5) 32. Rd3 $18 Nf5 33. Nxf7 (33. e6 $142 fxe6 34. Qxe6+ Kb8 35. Qxg6) 33... Kb8 $2 (33... Qa6 {is a better defense.} 34. Nd6+ Kc7) 34. e6 $18 a6 $2 (34... Re8 35. Rd7 a5) 35. Rd7 $2 (35. Ne5 {White threatens Nd7+ and mate.} Nd6 36. Nd7+ (36. Rxd6 Qxf2+ 37. Kh1 Qe1+) 36... Kc7 37. Nxb6 Nxc4 38. Nxc4) 35... Re8 $18 36. Ng5 $2 ({Only move:} 36. b4 $18) 36... Ka7 (36... c5 $11) 37. b4 $18 Qb5 {[#]} (37... c5 $142 38. bxc5 (38. Qxc5 Nxh4 39. Qxb6+ Kxb6 $16) 38... Qc6) 38. Qe4 $1 $18 Re7 $2 {[#]} (38... c5 39. bxc5 Kb8) 39. Nf7 $1 $18 c5 40. Rxe7 Nxe7 41. Nd6 Qb6 42. bxc5 Qb2 43. Kg2 Qb3 44. Qb4 Qd5+ 45. f3 Qc6 46. a4 Nd5 47. Qe4 Qxc5 48. e7 Qxd6 49. e8=Q Nf4+ 50. Kg3 (50. Kh1 $142 Nd5 51. Qd4+ (51. Q4xg6 Qa3 $18) (51. Q8xg6 Qxg6 52. Qxg6 Nf4 $18) 51... Qb6 52. Qxb6+ (52. Qxd5 Qb1+ 53. Kg2 Qc2+ 54. Kh3 Qf2 55. Qxg6 Qf1+ 56. Qg2 Qxg2+ 57. Kxg2 b5) 52... Kxb6 53. Qxg6+ Kc5 54. Qxh5 b5 55. Qg6) 50... Ne2+ 51. Kf2 Nd4 52. Q8e5 (52. Q4e5 $142 Qxe5 53. Qxe5 Nc6 54. Qe4 Kb6 55. Qxg6 Ka5 56. Qxh5+ b5 57. axb5) 1-0

[Event "45th FIDE Womens Olympiad 2024"]
[Site "Budapest"]
[Date "2024.09.15"]
[Round "5.58"]
[White "Vo, Thi Kim Phung"]
[Black "Skvortsova, Alena"]
[Result "1-0"]
[ECO "D06"]
[WhiteElo "2320"]
[BlackElo "2179"]
[Annotator "TA"]
[PlyCount "119"]
[EventDate "2024.09.05"]
[EventType "team-tourn"]
[EventCountry "HUN"]
[SourceTitle "playchess.com"]
[Source "ChessBase"]
[SourceQuality "1"]
[WhiteTeam "Vietnam"]
[BlackTeam "Montenegro"]
[WhiteTeamCountry "VIE"]
[BlackTeamCountry "MNE"]
[TimeControl "40/5400+30:1800+30"]

1. d4 d5 2. c4 c5 3. cxd5 Nf6 4. dxc5 Qxd5 5. Qxd5 Nxd5 6. e4 Nb4 7. Na3 {Repels Nc2+} e5 8. Bd2 {White is slightly better.} N8a6 9. Rc1 Bd7 10. Nf3 f6 11. Bc4 Bxc5 12. O-O Ke7 13. Nb1 b5 14. a3 (14. Bxb4 $11 Bxb4 (14... Nxb4 15. Be2 $15) 15. Bd5) 14... bxc4 $17 15. axb4 Bxb4 (15... Nxb4 16. Rxc4 Na6 17. Nc3 $15) 16. Bxb4+ Nxb4 17. Rxc4 {[#]} a5 (17... Nd3 $1 $17 18. Nc3 Rhc8 (18... Nxb2 19. Nd5+ Ke6 20. Rc2 $11) 19. Nd5+ Kd6) 18. Nc3 Rhc8 19. Rxc8 Rxc8 20. Ra1 a4 21. Ne1 {Wards off Nd3} Ra8 22. f3 Kd6 23. Kf2 Kc5 24. Ke3 Kc4 25. Ra3 Bc6 26. Nb1 (26. Nxa4 $5 Bxa4 27. b3+ Kb5 28. f4 $14 (28. Rxa4 Rxa4 29. bxa4+ Kxa4 $14)) 26... Rd8 27. Rc3+ Kb5 28. Na3+ Kb6 29. Rc4 Ka5 30. Nec2 Nxc2+ 31. Rxc2 Bb5 32. Nxb5 Kxb5 $11 {[%mdl 4096] Endgame. KR-KR} 33. Rc7 Kb4 34. Rxg7 Kb3 {...Rb8 is the strong threat.} 35. Rb7+ Kc2 36. Kf2 Rd3 37. Rb4 Rd4 38. Rb6 Rd1 39. Kg3 {[%cal Og3g4] Kg4! would now be deadly.} Rd3 40. Rb4 (40. Rxf6 Kxb2 41. Rb6+ Rb3 $17) 40... Rd4 41. Rb7 Rd3 42. Kg4 {[%cal Og4f5] Strongly threatening Kf5!} Rb3 $1 43. Ra7 Rb4 44. Kf5 Kxb2 45. Kxf6 a3 46. Kxe5 {[%cal Oe5f6] aiming for Kf6!} a2 $2 (46... Kb3 $1 $11 47. Rxa3+ (47. Rxh7 $2 a2 $19) 47... Kxa3) 47. Kf6 $2 ({White should try} 47. Kf5 $18) 47... Rb3 $2 {[%mdl 8192] [#] A mistake that costs the game.} (47... a1=B $2 48. e5 (48. Rxh7 Kc2+ 49. Kf5 Rb5+ 50. Kg4 Kd3 $18) 48... Kb1 49. Rxa1+ (49. Rxh7 Rf4+ 50. Ke6 Kc2 $18) 49... Kxa1 50. e6 $18) (47... a1=Q $2 48. Rxa1 Rb6+ (48... Kxa1 $2 49. e5 $18) 49. Kf5 Kxa1 50. e5 $18) (47... Rb6+ $11 48. Kf5 Rh6 (48... a1=B $2 49. e5 $18) (48... a1=Q $2 49. Rxa1 Rb5+ 50. e5 $18)) 48. Rxa2+ $3 $18 Kxa2 {KR-KP} 49. e5 h5 50. h4 {White mates.} Re3 51. e6 Kb3 52. e7 Kc4 53. Kf7 Kd5 54. e8=Q ({And not} 54. e8=B Ke5 $11) 54... Rxe8 55. Kxe8 {KP-KP} Ke6 56. g3 Kf6 57. Kf8 Kg6 58. Ke7 Kh6 59. Kf6 Kh7 60. Kg5 {Weighted Error Value: White=0.19 (very precise) /Black=0.35.  Loses game:     	---       	Black=2      Missed win:     	White=1     	---        Mistake:       	White=1     	Black=1      Inaccurate:     	White=1     	Black=3      OK:         	White=21    	Black=17     Best:        	White=1     	Black=5      Strong:       	---       	Black=1      Brilliant:      	White=1     	---} 1-0

[Event "45th FIDE Womens Olympiad 2024"]
[Site "Budapest"]
[Date "2024.09.15"]
[Round "5.59"]
[White "Milovic, Aleksandra"]
[Black "Luong Phuong Hanh"]
[Result "0-1"]
[ECO "B36"]
[WhiteElo "2121"]
[BlackElo "2225"]
[Annotator "TA"]
[PlyCount "168"]
[EventDate "2024.09.05"]
[EventType "team-tourn"]
[EventCountry "HUN"]
[SourceTitle "playchess.com"]
[Source "ChessBase"]
[SourceQuality "1"]
[WhiteTeam "Montenegro"]
[BlackTeam "Vietnam"]
[WhiteTeamCountry "MNE"]
[BlackTeamCountry "VIE"]
[TimeControl "40/5400+30:1800+30"]

1. e4 c5 2. Nf3 g6 3. c4 Nc6 4. d4 cxd4 5. Nxd4 Nf6 6. Nc3 d6 7. Be2 Nxd4 8. Qxd4 Bg7 9. Be3 O-O 10. Qd2 a5 11. f3 a4 12. O-O Bd7 {White is slightly better.} 13. Rad1 Bc6 14. c5 dxc5 15. Bxc5 Nd7 16. Qe3 Re8 17. Bb4 {Wards off Qa5} Qb6 18. Qxb6 Nxb6 19. Nb5 Bxb5 20. Bxb5 Rec8 21. b3 axb3 22. axb3 Bf6 23. f4 e6 24. Rf3 Rc2 25. Rf2 Rcc8 26. g3 Bc3 27. Be7 f5 28. exf5 gxf5 29. Re2 Kf7 30. Bh4 {A strong pair of Bishops.} (30. Rd6 Kxe7 31. Rexe6+ Kf7 32. Rxb6 Bd4+ 33. Kg2 Ra2+ (33... Bxb6 34. Rxb6 Ra2+ 35. Kh3 $11) 34. Kh3 Bg1 $19 (34... Bxb6 35. Rxb6 Rcc2 36. Kh4 $11)) 30... Ra1 $1 $36 {[%mdl 2048] Black has some pressure.} 31. Rxa1 Bxa1 32. Rd2 Rc5 33. Bf1 Rc1 34. Kf2 Bc3 35. Rd6 Bb4 36. Rd3 (36. Rd8 $11 {should be considered.}) 36... Bc5+ (36... Rc2+ $15 {deserves consideration.} 37. Be2 Nd5) 37. Kg2 (37. Ke2 $1 $11) 37... Nd5 $17 38. Be2 Rc2 $1 {Inhibits Rd2.} 39. Kf1 Ne3+ 40. Ke1 Bb4+ 41. Kf2 Ng4+ 42. Kf1 Nxh2+ 43. Kf2 Kg6 44. Bd8 (44. Rd7 $17 {keeps fighting.}) 44... Rb2 $2 (44... Ng4+ $19 45. Kf1 Rc1+ (45... Nh2+ $2 46. Kf2 $19) 46. Kg2 Bc5 47. Bxg4 fxg4) 45. Bb6 $1 $15 Ng4+ 46. Kf1 Nf6 47. Bd4 Rb1+ 48. Kg2 Ne4 49. Bf3 (49. Be5 $11 {might be stronger.}) 49... Rc1 50. g4 (50. Be3 $15 Rc2+ 51. Kh3) 50... Rc2+ $17 51. Kg1 Nd2 {Black is more active.} (51... Bc5 $17 {Strongly threatening ...Rc3.} 52. Bxc5 Nxc5) 52. gxf5+ $11 Kxf5 53. Bxb7 Rc7 54. Bg2 Rd7 {[%cal Od7d4] And now ...Rxd4! would win.} 55. Kf2 Ne4+ (55... Kxf4 $2 56. Be3+ Ke5 57. Rxd7 $18) 56. Ke3 Nf6 57. Bh3+ Ng4+ 58. Bxg4+ Kxg4 {[%mdl 4096] Endgame. KRB-KRB} 59. Ke4 h5 60. Rd1 {Repels Be1. Rg1+ is the strong threat.} h4 $1 61. Rg1+ Kh3 $2 {[%mdl 8192] [#]} (61... Kh5 $11) 62. Kf3 $1 $18 Kh2 {Dodges Rh1+} 63. Rd1 $1 {White threatens Bg1+ and mate.} Rd5 {[#]} (63... Rb7 $18 64. Bg1+ Kh3) 64. Bg1+ $1 Kh3 {[#]} 65. Rxd5 $1 exd5 {KB-KB} 66. Bd4 Kh2 67. f5 h3 68. f6 Bf8 69. Kf2 Bb4 70. Be5+ (70. f7 $142 Bf8 71. Be3 (71. Be5+ Kh1 $18) 71... Kh1 72. Bd2 Bc5+ 73. Kf1 Kh2 74. b4 (74. Bf4+ Kh1 $18) 74... Bd6 75. Kf2 (75. Bf4+ Bxf4 76. f8=Q Kg3 $18)) 70... Kh1 71. Bc7 $2 (71. f7 $18 {[%cal Oe5c3] is more deadly. Bc3! would kill now.} Bf8 72. Kf1) 71... Bc5+ $2 (71... d4 $16 {was worth a try.}) 72. Kf1 (72. Kg3 $18 {is the precise move to win.} h2 73. Kh3) 72... d4 $16 73. Bd8 {White wants to mate with Be7.} d3 74. Be7 $2 (74. Ba5 $16) 74... d2 {[%cal Rd2d1] Black mates.} 75. Ke2 {[#]} Kg2 $1 76. Bxc5 (76. Kxd2 h2) 76... h2 77. Kxd2 h1=Q ({Inferior is} 77... h1=R 78. f7 Rh8 79. f8=Q (79. f8=R Rh6 $18) 79... Rxf8 80. Bxf8 Kf3 81. Kd3 Kf4 82. Kd4) 78. Be7 Qh3 79. b4 Qb3 80. Ke2 Qc3 81. b5 Qe5+ 82. Kd3 Qxb5+ 83. Ke4 Kg3 84. Kd4 Kf3 {Both players deserved the win here.   Weighted Error Value: White=0.13 (very precise) /Black=0.13 (very precise) .  Loses game:     	White=1     	Black=1      Mistake:       	White=5     	Black=4      Inaccurate:     	White=2     	Black=4      OK:         	White=22    	Black=18     Best:        	White=6     	Black=6      Strong:       	White=3     	Black=3} 0-1

[Event "45th FIDE Womens Olympiad 2024"]
[Site "Budapest"]
[Date "2024.09.15"]
[Round "5.60"]
[White "Bach Ngoc Thuy Duong"]
[Black "Koljevic, Nikolina"]
[Result "1-0"]
[ECO "D38"]
[WhiteElo "2214"]
[BlackElo "2030"]
[Annotator "TA"]
[PlyCount "41"]
[EventDate "2024.09.05"]
[EventType "team-tourn"]
[EventCountry "HUN"]
[SourceTitle "playchess.com"]
[Source "ChessBase"]
[SourceQuality "1"]
[WhiteTeam "Vietnam"]
[BlackTeam "Montenegro"]
[WhiteTeamCountry "VIE"]
[BlackTeamCountry "MNE"]
[TimeControl "40/5400+30:1800+30"]

1. d4 Nf6 2. c4 e6 3. Nc3 Bb4 4. Nf3 O-O 5. Bg5 d5 6. e3 Nbd7 7. Rc1 b6 ({Black should play} 7... h6 $14 8. Bh4 c5) 8. cxd5 $16 exd5 9. Bb5 {White is better.} Bb7 {Dodges Bc6} 10. Ne5 Nb8 {[#]} (10... Nxe5 $142 11. dxe5 d4 12. Qxd4 Qxd4 13. exd4 Ne4) 11. O-O $1 h6 12. Bh4 Be7 13. Qb3 (13. Qf3 $16) 13... a6 ({Black should try} 13... c6 $14) 14. Be2 {White is much more active. The black rooks are passive.} Qd6 (14... Nbd7 $1 $14) 15. Bg3 {[%cal Oe5f7] [#] Nxf7! would now be deadly.} Qb4 16. Qc2 {aiming for a3.} Bd8 17. Bf3 c5 $2 {[%mdl 8192] Loses the game.} (17... Qe7 $16 18. Qb3 Qe6) 18. Nd3 $18 {White is clearly winning.} Qa5 19. Bd6 c4 20. b4 cxd3 21. Qb2 {Weighted Error Value: White=0.12 (very precise) /Black=0.63.  Loses game:     	---       	Black=1      Mistake:       	White=1     	Black=4      Inaccurate:     	White=1     	Black=1      OK:         	White=5     	Black=5      Best:        	White=3     	---} 1-0

[Event "45th FIDE Womens Olympiad 2024"]
[Site "Budapest"]
[Date "2024.09.15"]
[Round "5.61"]
[White "Kosteniuk, Alexandra"]
[Black "Terao, Juliana Sayumi"]
[Result "1-0"]
[ECO "C50"]
[WhiteElo "2483"]
[BlackElo "2161"]
[Annotator "TA"]
[PlyCount "47"]
[EventDate "2024.09.05"]
[EventType "team-tourn"]
[EventCountry "HUN"]
[SourceTitle "playchess.com"]
[Source "ChessBase"]
[SourceQuality "1"]
[WhiteTeam "Switzerland"]
[BlackTeam "Brazil"]
[WhiteTeamCountry "SUI"]
[BlackTeamCountry "BRA"]
[TimeControl "40/5400+30:1800+30"]

1. e4 e5 2. Nf3 Nc6 3. Bc4 Nf6 4. d3 Bc5 5. a4 a5 6. Nc3 d6 7. Be3 Bxe3 8. fxe3 {The position is equal.} O-O 9. Qe2 Be6 10. O-O-O Bxc4 11. dxc4 Qc8 12. Rhg1 Nb4 {[#]} 13. g4 $1 Nd7 14. g5 Nc5 15. Rg3 Qe6 16. h4 c6 17. Nh2 {[#]} (17. h5 $11 {remains equal.}) 17... Rad8 (17... b5 $1 $17 18. h5 Nxa4 (18... bxc4 19. Ng4 $11)) 18. Ng4 (18. h5 $11) 18... Kh8 (18... d5 $1 $15 19. exd5 cxd5 20. cxd5 Nxd5) 19. h5 f5 (19... d5 $11 20. exd5 cxd5) 20. gxf6 $16 gxf6 21. Nh6 {aiming for Rdg1.} f5 $2 22. Nxf5 $18 (22. exf5 $2 Qxh6 23. Rf1 Qf6 $19) 22... b6 $2 (22... Nxe4 {is tougher.} 23. Qg4 (23. Nxe4 Rxf5 24. c5 d5 $18) 23... Rd7 24. Nxe4 Qxf5 25. Qxf5 (25. Nxd6 $2 Qxc2#) (25. Rxd6 $2 {too greedy.} Qf1+ 26. Rd1 Na2+ 27. Kb1 Rxd1+ $19) 25... Rxf5 26. Nxd6 (26. Rxd6 Rxd6 27. Nxd6 Rf6 $18) 26... Rf8) 23. Rdg1 Nxe4 {[#]} 24. Qg4 $1 {Weighted Error Value: White=0.21 (precise) /Black=0.68.  Loses game:     	---       	Black=1      Mistake:       	White=2     	Black=4      Inaccurate:     	White=1     	Black=1      OK:         	White=2     	Black=6      Best:        	White=2     	---} 1-0

[Event "45th FIDE Womens Olympiad 2024"]
[Site "Budapest"]
[Date "2024.09.15"]
[Round "5.62"]
[White "Librelato, Kathie Goulart"]
[Black "Georgescu, Lena"]
[Result "0-1"]
[ECO "C70"]
[WhiteElo "2181"]
[BlackElo "2266"]
[Annotator "TA"]
[PlyCount "95"]
[EventDate "2024.09.05"]
[EventType "team-tourn"]
[EventCountry "HUN"]
[SourceTitle "playchess.com"]
[Source "ChessBase"]
[SourceQuality "1"]
[WhiteTeam "Brazil"]
[BlackTeam "Switzerland"]
[WhiteTeamCountry "BRA"]
[BlackTeamCountry "SUI"]
[TimeControl "40/5400+30:1800+30"]

1. e4 e5 2. Nf3 Nc6 3. Bb5 a6 4. Ba4 b5 5. Bb3 Na5 6. O-O d6 7. d4 exd4 8. Re1 Nxb3 9. axb3 c5 {White is slightly better.} 10. c3 Bb7 11. cxd4 {next Nc3 is good for White.} Nf6 (11... Be7 $11) 12. Nh4 (12. Nc3 $16) 12... g6 $1 $11 13. Nc3 Bg7 14. e5 dxe5 15. Bg5 {Black keeps a firm grip on the game.} (15. Rxe5+ Kf8 16. Rxc5 b4 $15) (15. dxe5 $11 {remains equal.} Qxd1 16. Rxd1) 15... Qxd4 $17 16. Qxd4 $2 {[#]} (16. Nf3 $17 {was worth a try.} Qxd1 17. Raxd1) 16... cxd4 $19 17. Rxe5+ Kf8 18. Na2 Ne4 19. Re7 Rb8 ({Less strong is} 19... Nxg5 20. Rxb7 d3 21. Rd1 $19) 20. Rxe4 Bxe4 {A strong pair of Bishops.} 21. Nb4 h6 22. Bd2 Kg8 23. Nxa6 Ra8 24. Ra3 Kh7 25. Nc5 Bd5 26. g3 Rhc8 27. b4 Rxa3 28. bxa3 Re8 {[#] Strongly threatening ...Re2.} 29. Ng2 g5 {...Re2 is the strong threat.} 30. Nd3 Re2 31. Bc1 Ra2 32. Nge1 Re2 $2 (32... Kg6 $19 33. h3 Bc4) 33. Kf1 $2 (33. Ng2 $1 $11 {and White has nothing to worry.} Rc2 34. Nge1) 33... Re8 {Black is clearly winning.} 34. f3 Kg6 35. Kf2 Bc4 36. h4 f5 37. hxg5 hxg5 38. Bd2 Bf6 39. Bc1 Re7 40. Bd2 Rh7 41. Kg2 {Inhibits Rh2+.} Ra7 42. Bc1 Re7 43. Kf2 {Prevents Re2+} Kf7 44. Bd2 Ke8 45. Bc1 Kd7 46. Bb2 Kc6 {Threatens to win with ...Re3.} 47. Nc1 Kd5 48. Kg2 {Weighted Error Value: White=0.62/Black=0.27 (precise) .  Loses game:     	White=1     	---        Mistake:       	White=2     	Black=1      Inaccurate:     	White=2     	---        OK:         	White=11    	Black=13     Best:        	White=1     	Black=1      Strong:       	---       	Black=1} 0-1